 Dungeon Crawl Stone Soup version 0.30-a0-1-g69b7b797bf (webtiles) character file.

Game seed: 4801646125180356931

3807 Labrn the Covert (level 9, -5/43 HPs)
             Began as a Spriggan Enchanter on Aug 19, 2022.
             Was a Believer of Dithmenos.
             Slain by an orc knight (20 damage)
             ... in a bailey.
             The game lasted 00:24:40 (9342 turns).

Labrn the Covert (Spriggan Enchanter)               Turns: 9342, Time: 00:24:40

Health: -5/43      AC: 10    Str:  8    XL:     9   Next: 96%
Magic:  10/23      EV: 20    Int: 16    God:    Dithmenos [**....]
Gold:   908        SH:  0    Dex: 22    Spells: 13/27 levels left

rFire   + . .      SeeInvis +    r - +5 dagger (elec)
rCold   . . .      Faith    .    (no shield)
rNeg    . . .      Spirit   .    y - +1 steam dragon scales
rPois   .          Reflect  .    (helmet restricted)
rElec   +          Harm     .    (no cloak)
rCorr   .          Rampage  .    (gloves unavailable)
Will    +....                    (boots unavailable)
Stlth   +++++++...               g - amulet of magic regeneration
HPRegen 0.14/turn                t - +6 ring of dexterity
MPRegen 0.58/turn                f - +4 ring of protection

@: wreathed by umbra, very quick
A: very small, no large weapons, unfitting armour, see invisible, speed 3, fire
resistance 1, electricity resistance, MP-powered wands
a: Renounce Religion, Shadow Step


You were in a bailey.
You worshipped Dithmenos.
Dithmenos was pleased with you.
You visited 2 branches of the dungeon, and saw 10 of its levels.
You also visited: Bailey.

You collected 908 gold pieces.

Inventory:

Hand Weapons
 a - a +2 vorpal dagger
 o - a +2 short sword of venom
 r - a +5 dagger of electrocution (weapon)
Missiles
 i - a throwing net (quivered)
 j - 11 atropa-tipped darts
Armour
 w - a +1 robe of positive energy
 y - +1 steam dragon scales (worn)
 A - a +1 robe of resistance
Jewellery
 d - a ring of protection from cold
 f - a +4 ring of protection (right hand)
 g - an amulet of magic regeneration (around neck)
 t - a +6 ring of dexterity (left hand)
Wands
 m - a wand of polymorph (5)
 q - a wand of charming (1)
 s - a wand of flame (29)
 C - a wand of iceblast (11)
Scrolls
 k - a scroll of brand weapon
 l - 6 scrolls of blinking
 u - 3 scrolls of fear
 x - a scroll of teleportation
Potions
 b - a potion of heal wounds
 c - 2 potions of invisibility
 e - 3 potions of resistance
 h - 5 potions of curing
 n - 3 potions of flight
 p - a potion of cancellation
 v - a potion of brilliance
 z - 2 potions of haste
 D - a potion of ambrosia {unknown}


   Skills:
 + Level 2.4 Fighting
 + Level 3.6 Short Blades
 + Level 5.0 Dodging
 + Level 11.7 Stealth
 + Level 9.7 Spellcasting
 + Level 10.2 Hexes


You had 13 spell levels left.
You knew the following spells:

 Your Spells              Type           Power      Damage    Failure   Level
a - Ensorcelled Hibernat  Hex/Ice        48%        N/A       1%          2
b - Tukima's Dance        Hex            40%        N/A       1%          3
c - Dazzling Flash        Conj/Hex       48%        N/A       3%          3
d - Confusing Touch       Hex            40%        N/A       1%          3
e - Summon Guardian Gole  Hex/Summ       24%        N/A       3%          3

Your spell library contained the following spells:

 Spells                   Type           Power      Damage    Failure   Level
 Shock                    Conj/Air       28%        1d4       10%         1
 Ignite Poison            Fire/Tmut/Pois 7%         N/A       28%         3
 Mephitic Cloud           Conj/Pois/Air  7%         N/A       28%         3
 Swiftness                Air            7%         N/A       28%         3
 Airstrike                Air            3%         2d(1-17)  67%         4
 Freezing Cloud           Conj/Ice/Air   3%         6-21      95%         5
 Orb of Destruction       Conj           3%         9d5       100%        7
 Spellforged Servitor     Conj/Summ      3%         N/A       100%        7


Dungeon Overview and Level Annotations

Branches:
Dungeon (9/15)             Temple (1/1) D:5            Lair (0/5) D:9
 Bailey (1/1)
    Orc: D:9-12

Altars:
Ashenzari
Dithmenos
Elyvilon
Fedhas
Gozag
Hepliaklqana
Kikubaaqudgha
Makhleb
Okawaru
Ru
Sif Muna
Trog
Uskayaw
Wu Jian
Xom
Zin

Shops:
D:4 (

Annotations:
D:9 Grum


Innate Abilities, Weirdness & Mutations

You are very small and have problems with some larger weapons.
You are too small for most types of armour.
You have supernaturally acute eyesight. (SInv)
You cover ground extremely quickly. (Speed+++)
Your flesh is heat resistant. (rF+)
You are resistant to electric shocks. (rElec)
You expend magic power (3 MP) to strengthen your wands.


Message History

You perforate the orc warrior like a sieve!!!
Lightning courses through the orc warrior!
You kill the orc warrior!
Dithmenos accepts your kill.
You barely miss the orc. You closely miss the orc.
The orc hits you with a +0 hand axe.
Casting: Ensorcelled Hibernation (safe; 1% risk of failure)
Confirm with . or Enter, or press ? or * to list all spells.
Aiming: Tukima's Dance (safe; 1% risk of failure)
Press: ? - help, Shift-Dir - straight line, f - orc knight
Aim: an orc knight, wielding a +0 war axe and wearing a +0 plate armour (umbra, chance to affect: 49%)
The orc knight resists with some effort.
The orc no longer looks unusually strong.
The orc completely misses you.
Casting: Tukima's Dance (safe; 1% risk of failure)
Confirm with . or Enter, or press ? or * to list all spells.
Aiming: Tukima's Dance (safe; 1% risk of failure)
Press: ? - help, Shift-Dir - straight line, f/p - orc knight
Aim: an orc knight, wielding a +0 war axe and wearing a +0 plate armour (umbra, chance to affect: 49%)
The +0 war axe dances into the air!
The orc completely misses you.
The orc knight roars a battlecry!
The orc goes into a battle-frenzy!
You hit the orc.
The orc is moderately wounded.
The orc closely misses you.
Casting: Tukima's Dance (safe; 1% risk of failure)
Confirm with . or Enter, or press ? or * to list all spells.
Aiming: Ensorcelled Hibernation (safe; 1% risk of failure)
Press: ? - help, Shift-Dir - straight line, f/p - orc knight
Aim: an orc knight, wearing a +0 plate armour (ally target, umbra, chance to affect: 37%)
The orc knight easily resists.
The orc misses you. The orc knight hits you!
Your +0 war axe hits the goblin.
Unknown command.
Casting: Ensorcelled Hibernation (safe; 1% risk of failure)
Confirm with . or Enter, or press ? or * to list all spells.
Aiming: Ensorcelled Hibernation (safe; 1% risk of failure)
Press: ? - help, Shift-Dir - straight line, f/p - orc knight
Aim: an orc knight, wearing a +0 plate armour (ally target, umbra, chance to affect: 37%)
The orc knight easily resists.
The orc misses you. The orc knight hits you!!
You die...

### ## ###.### ###.###
###.....### ###.....###
##........(###.........#
#..........g#)..........
#.........@og...........
#.....⌠....o#...).⌠.....
#...........#...........
#..)))......#...........
###...).....###.........#
♣ ###.#'#.)...###
###.....#+#
♣###.....###.### ###.###
##.........### ##
#..........)#


You could see an orc knight (ally target), an orc (strong), 2 goblins and a
friendly +0 war axe.

Vanquished Creatures
  A troll (D:5)
  A steam dragon (D:7)
  2 water moccasins (D:8)
  4 orc warriors
  2 ice beasts
  2 black bears
  A sky beast (D:7)
  An ogre (D:7)
  3 centaurs
  2 bullfrogs (D:7)
  A necrophage (D:8)
  3 scorpions
  5 wights (D:8)
  A howler monkey (D:7)
  3 hounds
  4 jellies
  2 orc priests (D:7)
  A gnoll bouda (D:5)
  3 iguanas (D:5)
  Natasha (thrice) (D:2)
  4 orc wizards
  Robin (D:3)
  9 adders
  11 gnolls
  A white imp (D:6)
  An ufetubus (D:7)
  A worm (D:2)
  4 dart slugs
  23 orcs
  13 endoplasms
  5 giant cockroaches
  18 goblins
  9 hobgoblins
  6 jackals
  15 kobolds
  3 quokkas
  6 ball pythons
  3 bats
  2 frilled lizards
  7 rats
187 creatures vanquished.

Vanquished Creatures (collateral kills)
  A gnoll sergeant (D:5)
  7 wights (D:8)
  An iguana (D:5)
  6 gnolls (D:5)
  A white imp (D:5)
16 creatures vanquished.

Vanquished Creatures (others)
  5 dancing weapons (D:5)
  5 gnolls (D:5)
  7 fungi (D:2)
  8 plants (D:1)
  4 toadstools (D:2)
29 creatures vanquished.

Grand Total: 232 creatures vanquished

Notes
Turn   | Place    | Note
-------+----------+-------------------------------------------
     0 | D:1      | Labrn the Spriggan Enchanter began the quest for the Orb.
     0 | D:1      | Reached XP level 1. HP: 9/9 MP: 5/5
   269 | D:1      | Reached XP level 2. HP: 7/13 MP: 7/7
   282 | D:1      | Learned a level 2 spell: Ensorcelled Hibernation
  1290 | D:2      | Reached XP level 3. HP: 16/16 MP: 6/9
  1314 | D:1      | Learned a level 3 spell: Tukima's Dance
  1318 | D:1      | Learned a level 3 spell: Confusing Touch
  1726 | D:2      | Reached XP level 4. HP: 21/21 MP: 11/11
  1845 | D:2      | Reached skill level 5 in Hexes
  1934 | D:2      | Noticed Natasha
  1940 | D:2      | Killed Natasha
  2118 | D:2      | Noticed Natasha
  2129 | D:2      | Killed Natasha
  2130 | D:2      | Reached skill level 5 in Spellcasting
  2130 | D:2      | Reached XP level 5. HP: 12/24 MP: 5/13
  2132 | D:2      | Noticed Natasha
  2136 | D:2      | Found a blossoming altar of Fedhas.
  2141 | D:2      | You fall into a shaft and drop 2 floors!
  2441 | D:2      | Killed Natasha
  2742 | D:2      | Reached skill level 5 in Stealth
  2825 | D:2      | Gained mutation: Your body sometimes deteriorates upon
                  | taking damage. [potion of mutation]
  2825 | D:2      | Gained mutation: Your magical capacity is low. (-10% MP)
                  | [potion of mutation]
  3170 | D:3      | Noticed Robin
  3390 | D:3      | Reached XP level 6. HP: 28/28 MP: 13/13
  3426 | D:3      | Found a burning altar of Makhleb.
  3457 | D:3      | Found a sacrificial altar of Ru.
  3585 | D:3      | Killed Robin
  3601 | D:3      | Lost mutation: Your magical capacity is low. (-10% MP)
                  | [potion of mutation]
  3601 | D:3      | Lost mutation: Your body sometimes deteriorates upon taking
                  | damage. [potion of mutation]
  3601 | D:3      | Gained mutation: You are weak. (Str -2) [potion of
                  | mutation]
  3601 | D:3      | Gained mutation: You expend magic power (3 MP) to
                  | strengthen your wands. [potion of mutation]
  3601 | D:3      | Gained mutation: Your flesh is cold resistant. (rC+)
                  | [potion of mutation]
  3602 | D:3      | Lost mutation: Your flesh is cold resistant. (rC+) [potion
                  | of mutation]
  3602 | D:3      | Lost mutation: You are weak. (Str -2) [potion of mutation]
  3602 | D:3      | Gained mutation: You are resistant to electric shocks.
                  | (rElec) [potion of mutation]
  3602 | D:3      | Gained mutation: Your flesh is heat resistant. (rF+)
                  | [potion of mutation]
  3937 | D:4      | Found Synu's Antique Weapon Shoppe.
  4208 | D:4      | Reached skill level 6 in Stealth
  4227 | D:4      | Found an ornate altar of the Wu Jian Council.
  4759 | D:5      | Entered Level 5 of the Dungeon
  4802 | D:5      | Found a broken altar of Ashenzari.
  4976 | D:5      | Found a staircase to the Ecumenical Temple.
  4986 | Temple   | Entered the Ecumenical Temple
  4995 | Temple   | Became a worshipper of Dithmenos the Shadowed
  5038 | D:5      | Reached XP level 7. HP: 32/32 MP: 17/17
  5101 | D:5      | Noticed a troll
  5450 | D:5      | Reached skill level 7 in Stealth
  5500 | D:5      | Killed a troll
  5501 | D:5      | Reached skill level 8 in Stealth
  5551 | D:5      | Reached XP level 8. HP: 36/36 MP: 7/20
  5749 | D:5      | Found the +3 woodcutter's axe {vorpal}
  6014 | D:5      | Reached * piety under Dithmenos
  6101 | D:6      | Learned a level 3 spell: Dazzling Flash
  6105 | D:6      | Learned a level 3 spell: Summon Guardian Golem
  6306 | D:6      | Reached skill level 9 in Stealth
  6389 | D:6      | Found a shimmering blue altar of Sif Muna.
  6425 | D:6      | Found a shimmering altar of Xom.
  7058 | D:7      | Reached skill level 10 in Stealth
  7141 | D:7      | Reached XP level 9. HP: 39/39 MP: 22/22
  8028 | D:8      | Reached skill level 1 in Fighting
  8167 | D:8      | Reached skill level 11 in Stealth
  8299 | D:8      | Reached ** piety under Dithmenos
  8311 | D:8      | Found a hide-covered altar of Uskayaw.
  8329 | D:8      | Identified a scroll of acquirement
  8329 | D:8      | Acquired 460 gold pieces
  8350 | D:8      | Reached skill level 10 in Hexes
  8494 | D:8      | Found an iron altar of Okawaru.
  8773 | D:8      | Found an ancient bone altar of Kikubaaqudgha.
  8931 | D:9      | Noticed Grum
  8968 | D:9      | Found a flagged portal.
  8977 | Bailey   | Entered a bailey
  9231 | Bailey   | Reached skill level 5 in Dodging
  9315 | Bailey   | Noticed an orc knight
  9342 | Bailey   | Slain by an orc knight

Illustrated notes

Levels and vault maps discovered:
D:1:      moated_graveyard_arrival, layout_basic, serial_forest,
          infiniplex_forest_clump_small, infiniplex_forest_lined_room_2,
          infiniplex_forest_clump_tiny, infiniplex_forest_lined_ring,
          infiniplex_forest_clump_curved, infiniplex_forest_join,
          infiniplex_forest_split, infiniplex_forest_straight_2
D:2:      cheibrodos_fertilizer, layout_loops_ring, basic_altar,
          grunt_ministairs_9, minmay_tromino_v2, uniq_natasha
D:3:      layout_loops_ring, mainiacjoe_overflow_six_doors_small,
          mainiacjoe_overflow_cross_hatched, kennysheep_generic_room_5,
          uniq_robin
D:4:      layout_basic, lemuel_tele_altar, serial_shops, shop
D:5:      layout_basic, evilmike_ruin_ashenzari, minmay_temple_entry_arrows,
          pf_guarded_unrand_woodcutter
D:6:      layout_rooms, nicolae_sif_muna_condensation,
          mainiacjoe_overflow_catwalk
D:7:      nicolae_cairo_tiling, layout_basic, nicolae_benzene_ring
D:8:      layout_basic, marbit_many_paths, eat_drink_and_be_merry_uskayaw,
          overflow_temple_1_default, lightli_minifort
D:9:      layout_roguey, david_lair_shrubbed, enter_bailey_2, uniq_amaemon,
          uniq_joseph, uniq_pikel, uniq_grum
Temple:   nicolae_temple_bog_church
Bailey:   bailey_axe_minmay_hex_keep, bailey

Skill      XL: |  1  2  3  4  5  6  7  8  9 |
---------------+----------------------------+-----
Spellcasting   | 3 4 5 6 7 8 9 |  9.7
Hexes          | 4 5 6 7 9 10 | 10.2
Stealth        | 5 6 8 10 11 | 11.7
Dodging        | 5 |  5.0
Fighting       | 2 |  2.4
Short Blades   | 3 |  3.6

Action                   |  1- 3 |  4- 6 |  7- 9 || total
-------------------------+-------+-------+-------++-------
Melee: Dagger            |   107 |   195 |   251 ||   553
       Unarmed           |       |     7 |       ||     7
       Punch             |       |     1 |     6 ||     7
 Cast: Ensorcelled Hiber |     6 |    34 |    28 ||    68
       Confusing Touch   |       |       |     5 ||     5
       Tukima's Dance    |       |       |    35 ||    35
Evoke: Wand              |       |       |     8 ||     8
  Use: Scroll            |     3 |    13 |    11 ||    27
       Potion            |       |     3 |       ||     3
 Stab: Sleeping          |     9 |    32 |    43 ||    84
       Distracted        |       |     1 |       ||     1
       Confused          |       |       |     3 ||     3
Armor: Robe              |    11 |    33 |    25 ||    69
       Skin              |       |     7 |       ||     7
       Steam dragon scal |       |       |    27 ||    27
Dodge: Dodged            |    53 |   177 |   261 ||   491

Table legend: (Time is in decaauts)
 A = Elapsed time spent in this place.
 B = Non-inter-level travel time spent in this place.
 C = Inter-level travel time spent in this place.
 D = Time resting spent in this place.
 E = Time spent auto-exploring this place.
 F = Levels seen in this place.
 G = Mean time per level.
                   A        B        C        D        E       F      G
               +--------+--------+--------+--------+--------+-----+--------+
         Total |   6842 |   6671 |    171 |    660 |   4478 |  11 |  622.0 |
       Dungeon |   6489 |   6323 |    166 |    430 |   4424 |   9 |  721.0 |
        Temple |     14 |      9 |      5 |      0 |      0 |   1 |   14.0 |
        Bailey |    339 |    339 |      0 |    230 |     54 |   1 |  339.0 |
               +--------+--------+--------+--------+--------+-----+--------+

Top non-repeatable levels by time:
     D:2: 1183 daAuts
     D:1: 1010 daAuts
     D:4: 949 daAuts
     D:7: 826 daAuts
     D:5: 762 daAuts
     D:8: 630 daAuts
     D:3: 561 daAuts
     D:6: 525 daAuts
  Bailey: 339 daAuts
     D:9: 39 daAuts
  Temple: 14 daAuts
